 Dungeon Crawl Stone Soup version 0.29-a0-43-g62a80824bf (webtiles) character file.

Game seed: 15051782132483275880

29207 crazypyro the Grappler (level 13, -2/97 HPs)
             Began as a Demonspawn Monk on Feb 2, 2022.
             Was the Champion of Okawaru.
             Slain by an 11-headed hydra (4 damage)
             ... on level 4 of the Lair of Beasts.
             The game lasted 00:27:30 (16062 turns).

crazypyro the Grappler (Demonspawn Monk)           Turns: 16062, Time: 00:27:32

Health: -2/97      AC: 21    Str: 17    XL:     13   Next: 13%
Magic:  11/13      EV: 12    Int: 20    God:    Okawaru [******]
Gold:   1320       SH: 31    Dex: 16    Spells: 12/12 levels left

rFire   . . .      SeeInvis .     - Unarmed
rCold   . . .      Faith    .   O - +18 shield of the Gong {rElec rN+ Will+ EV-5}
rNeg    + + +      Spirit   .   E - +6 leather armour of Ilun {Fly Int+3}
rPois   .          Reflect  .   y - +0 helmet
rElec   +          Harm     .   (no cloak)
rCorr   +          Rampage  .   (gloves unavailable)
Will    +....      Rnd*Tele +   (no boots)
Stlth   ++++......              (no amulet)
HPRegen 0.26/turn               p - ring of resist corrosion
MPRegen 0.13/turn               d - ring "Moef" {rN++ Int+6}

@: heroic, sanguine armoured, flying
A: claws 3, spiny 3, sanguine armour 2, teleportitis 1, wild magic 1, MP-powered
wands
a: Renounce Religion, Heroism, Finesse, Duel


You were on level 4 of the Lair of Beasts.
You worshipped Okawaru.
Okawaru was exalted by your worship.
You visited 3 branches of the dungeon, and saw 16 of its levels.

You collected 1446 gold pieces.
You spent 126 gold pieces at shops.

Inventory:

Hand Weapons
 G - the +3 great sword of Kujoeff {flame, Drain rC+++ Dex+4}
   (Okawaru gifted it to you on level 11 of the Dungeon)

   It burns those it strikes, dealing additional fire damage.
   Big, fiery blades are also staple armaments of hydra-hunters.
   Dex:       It affects your dexterity (+4).
   rC:        It renders you almost immune to cold.
   Drain:     It drains your maximum health when unequipped.
Armour
 a - a +0 robe
 j - a +0 scale mail
 t - a +0 kite shield
 x - a +0 ring mail of fire resistance
 y - a +0 helmet (worn)
 E - the +6 leather armour of Ilun (worn) {Fly Int+3}
   (You found it on level 7 of the Dungeon)

   Int:       It affects your intelligence (+3).
   Fly:       It grants you flight.
 I - the +0 kite shield of Agoraphobia {rPois rF- Int+2}
   (You found it on level 8 of the Dungeon)

   Int:       It affects your intelligence (+2).
   rF:        It makes you vulnerable to fire.
   rPois:     It protects you from poison.
 O - the +18 shield of the Gong (worn) {rElec rN+ Will+ EV-5}
   (Okawaru gifted it to you on level 9 of the Dungeon)

   It is deafeningly noisy when blocking attacks.
   EV:        It affects your evasion (-5).
   rElec:     It insulates you from electricity.
   rN:        It protects you from negative energy.
   Will:      It increases your willpower.
 U - the +0 buckler "Syele" {Int+5 Slay+3}
   (Okawaru gifted it to you on level 2 of the Lair of Beasts)

   Int:       It affects your intelligence (+5).
   Slay:      It affects your accuracy & damage with ranged weapons and melee
   (+3).
 Z - a +2 chain mail of positive energy
Jewellery
 d - the ring "Moef" (right claw) {rN++ Int+6}
   (You acquired it on level 8 of the Dungeon)

   [ring of intelligence]

   Int:       It affects your intelligence (+6).
   rN:        It greatly protects you from negative energy.
 h - a +4 ring of evasion
 o - a +4 ring of evasion
 p - a ring of resist corrosion (left claw)
 P - a ring of wizardry
 R - a ring of flight
 T - a ring of protection from cold
 W - an amulet of guardian spirit
 Y - a ring of wizardry
Wands
 w - a wand of flame (26)
 C - a wand of polymorph (6)
 K - a wand of iceblast (7)
 M - a wand of paralysis (6)
 N - a wand of acid (5)
Scrolls
 b - 8 scrolls of identify
 c - 5 scrolls of magic mapping
 f - 6 scrolls of enchant weapon
 m - a scroll of noise {unknown}
 n - a scroll of blinking {unknown}
 r - 5 scrolls of teleportation {unknown}
 v - 3 scrolls of enchant armour {unknown}
 z - 2 scrolls of torment {unknown}
 H - a scroll of fear {unknown}
 J - 2 scrolls of holy word {unknown}
 L - 2 scrolls of amnesia {unknown}
 Q - a scroll of silence
 V - a scroll of brand weapon {unknown}
Potions
 e - 2 potions of lignification
 g - 2 potions of resistance {unknown}
 i - a potion of invisibility {unknown}
 k - 2 potions of mutation
 l - 2 potions of magic {unknown}
 q - 14 potions of degeneration
 s - 2 potions of flight {unknown}
 u - 2 potions of curing
 A - 2 potions of cancellation {unknown}
 B - 3 potions of attraction {unknown}
 D - 2 potions of brilliance {unknown}
 F - a potion of heal wounds
 S - 2 potions of haste
 X - a potion of ambrosia {unknown}


   Skills:
 - Level 7.6(12.6) Fighting
 - Level 7.1(12.1) Armour
 - Level 7.0(12.0) Dodging
 - Level 5.2(10.2) Stealth
 * Level 9.2(14.2) Shields
 * Level 14.1(19.1) Unarmed Combat


You had 12 spell levels left.
You didn't know any spells.
Your spell library contained the following spells:

 Spells                   Type           Power      Damage    Failure   Level
 Ensorcelled Hibernation  Hex/Ice        0%         N/A       61%         2
 Passwall                 Tmut/Erth      0%         N/A       61%         2
 Gell's Gravitas          Tloc           0%         N/A       83%         3
 Lesser Beckoning         Tloc           0%         N/A       83%         3
 Portal Projectile        Hex/Tloc       0%         N/A       83%         3
 Swiftness                Air            0%         N/A       83%         3
 Teleport Other           Tloc           0%         N/A       83%         3
 Blade Hands              Tmut           0%         N/A       100%        5
 Excruciating Wounds      Necr           0%         N/A       100%        5


Dungeon Overview and Level Annotations

Branches:
Dungeon (11/15)            Temple (1/1) D:4            Lair (4/6) D:10
  Snake (0/4) Lair:4          Orc (0/2) D:9
  Swamp: Lair:2-4    Shoals: Lair:2-4

Altars:
Ashenzari
Cheibriados
Dithmenos
Elyvilon
Fedhas
Gozag
Hepliaklqana
Kikubaaqudgha
Makhleb
Nemelex Xobeh
Okawaru
Qazlal
Sif Muna
Trog
Uskayaw
Vehumet
Wu Jian
Xom
Yredelemnul
The Shining One

Shops:
D:8 !

Annotations:
D:11 2 transporters, lunkers's ghost, novice DgEE


Innate Abilities, Weirdness & Mutations

You have claws for hands.
You are completely covered in sharp spines.
When seriously injured, your blood forms thick armour. (AC +9)
You are occasionally teleported next to monsters.
Your spells are a little harder to cast, but a little more powerful.
You expend magic power (3 MP) to strengthen your wands.


Message History

* * * LOW HITPOINT WARNING * * *
The eight-headed hydra bites you but does no damage. x2
You block the eight-headed hydra's attack.
GONNNNG!
The eight-headed hydra bites you.
* * * LOW HITPOINT WARNING * * *
You hear an angry hiss.
You tear one of the eight-headed hydra's heads off!
The seven-headed hydra grows two more!
You claw the nine-headed hydra!
The nine-headed hydra is lightly wounded.
The nine-headed hydra bites you but does no damage.
You block the nine-headed hydra's attack.
BOUMMMMG!
You block the nine-headed hydra's attack.
PANG!
The nine-headed hydra closely misses you.
The nine-headed hydra bites you but does no damage. x2
You block the nine-headed hydra's attack.
PTOANNNG!
The nine-headed hydra bites you.
* * * LOW HITPOINT WARNING * * *
The nine-headed hydra misses you.
You hear an angry buzzing noise.
You tear one of the nine-headed hydra's heads off!
The eight-headed hydra grows two more!
You mangle the ten-headed hydra!!
The ten-headed hydra is moderately wounded.
You claw one of the ten-headed hydra's heads off!
The nine-headed hydra grows two more!
You claw the 11-headed hydra!
The 11-headed hydra is moderately wounded.
The 11-headed hydra bites you but does no damage.
You block the 11-headed hydra's attack.
SHROANNG!
You block the 11-headed hydra's attack.
GONNNNG!
The 11-headed hydra bites you!
* * * LOW HITPOINT WARNING * * *
The 11-headed hydra bites you!
* * * LOW HITPOINT WARNING * * *
The 11-headed hydra bites you.
You die...

##.††.$.......#
#.............#
##.....$......# ## #
#.....†......##... #
###...†..............#.
..........................
.##..##...................
### #...†!..†...........
#..@####............ #>$D#
##....##....# #...♣
....#.....# ♣♣..♣
♣♣......... ..D≈
♣..##....) ♣♣≈≈≈
♣......... ♣♣≈≈ ♣♣.......#
...≈ ♣.........
♣.......P##


You could see a 11-headed hydra and a seven-headed hydra.

Vanquished Creatures
  3 hydras
  A catoblepas (Lair:4)
  Erica (Lair:2)
  A death knight (D:11)
  3 two-headed ogres
  Nergalle (Lair:3)
  Sonja (D:9)
  Pikel (D:6)
  A manticore (D:11)
  2 ugly things (D:9)
  4 cane toads
  2 gargoyles
  2 kobold demonologists
  An efreet (D:9)
  A rime drake (Lair:4)
  9 komodo dragons
  2 freezing wraiths (D:11)
  A troll (D:9)
  2 polar bears (Lair:1)
  A tyrant leech (Lair:4)
  Grinder (D:4)
  2 hornets (D:9)
  5 wyverns
  4 wraiths
  31 yaks
  A steam dragon (D:9)
  2 wargs (D:10)
  Menkaure (D:5)
  2 swamp worms (Lair:4)
  A floating eye (D:9)
  6 water moccasins
  9 orc warriors
  An ice beast (D:8)
  A swamp drake (D:9)
  A black bear (D:6)
  6 centaurs
  A lemure (D:6)
  7 wolves (Lair:3)
  2 phantoms
  Blork the orc (D:5)
  9 kobold brigands
  11 bullfrogs
  2 wyvern zombies
  A gnoll sergeant (D:10)
  6 scorpions
  23 killer bees
  5 wights
  An electric eel (D:8)
  5 howler monkeys
  2 centaur zombies (D:9)
  4 hounds
  A centaur skeleton (D:7)
  13 orc priests
  An iguana (D:6)
  18 orc wizards
  Ijyb (D:4)
  A killer bee zombie (D:8)
  Robin (D:4)
  9 gnolls
  8 adders
  2 shadow imps (D:9)
  A white imp (D:6)
  2 worms
  8 dart slugs
  65 orcs
  8 ball pythons
  9 bats
  6 endoplasms
  A giant cockroach (D:2)
  16 goblins
  11 hobgoblins
  2 quokkas
  5 frilled lizards
  38 kobolds
  11 kobold skeletons (D:9)
  7 kobold zombies (D:9)
  7 rats
446 creatures vanquished.

Vanquished Creatures (others)
  10 fungi
  7 plants
17 creatures vanquished.

Grand Total: 463 creatures vanquished

Notes
Turn   | Place    | Note
-------+----------+-------------------------------------------
     0 | D:1      | crazypyro the Demonspawn Monk began the quest for the Orb.
     0 | D:1      | Reached XP level 1. HP: 18/18 MP: 1/1
   388 | D:1      | Gained mutation: You have sharp fingernails. [demonic
                  | ancestry]
   388 | D:1      | Reached XP level 2. HP: 21/24 MP: 2/2
   649 | D:1      | Reached skill level 3 in Unarmed Combat
  1000 | D:1      | Found a faded altar of an unknown god.
  1177 | D:1      | Gained mutation: You have very sharp fingernails. [demonic
                  | ancestry]
  1177 | D:1      | Reached XP level 3. HP: 29/29 MP: 3/3
  2403 | D:3      | Reached XP level 4. HP: 35/35 MP: 4/4
  2462 | D:3      | Reached skill level 1 in Armour
  2463 | D:3      | Reached skill level 4 in Unarmed Combat
  2694 | D:3      | Gained mutation: You are partially covered in sharp spines.
                  | [demonic ancestry]
  2694 | D:3      | Reached XP level 5. HP: 39/41 MP: 5/5
  2792 | D:4      | Noticed Ijyb
  2805 | D:4      | Noticed Robin
  2823 | D:4      | Killed Ijyb
  2824 | D:4      | Reached skill level 5 in Unarmed Combat
  2828 | D:4      | Killed Robin
  3001 | D:4      | Gained mutation: You are mostly covered in sharp spines.
                  | [demonic ancestry]
  3001 | D:4      | Reached XP level 6. HP: 28/47 MP: 6/6
  3196 | D:4      | Noticed Grinder
  3218 | D:4      | Killed Grinder
  3219 | D:4      | Reached skill level 6 in Unarmed Combat
  3219 | D:4      | Reached XP level 7. HP: 25/52 MP: 7/7
  3548 | D:4      | Found a staircase to the Ecumenical Temple.
  3628 | Temple   | Entered the Ecumenical Temple
  3709 | Temple   | Became a worshipper of Warmaster Okawaru
  3709 | Temple   | Reached * piety under Okawaru
  3709 | Temple   | Reached ** piety under Okawaru
  3922 | D:5      | Entered Level 5 of the Dungeon
  3930 | D:5      | Noticed Menkaure
  3937 | D:5      | Killed Menkaure
  4707 | D:5      | Gained mutation: When seriously injured, your blood forms
                  | armour. (AC +9) [demonic ancestry]
  4707 | D:5      | Reached XP level 8. HP: 42/60 MP: 8/8
  4964 | D:5      | Reached skill level 7 in Unarmed Combat
  5007 | D:5      | Noticed Blork the orc
  5017 | D:5      | Killed Blork the orc
  5112 | D:5      | Found a radiant altar of Vehumet.
  5229 | D:6      | Noticed Pikel
  5243 | D:6      | Killed Pikel
  5243 | D:6      | Reached *** piety under Okawaru
  5263 | D:6      | Reached skill level 5 in Fighting
  5263 | D:6      | Reached skill level 8 in Unarmed Combat
  5381 | D:6      | Reached XP level 9. HP: 32/68 MP: 9/9
  5620 | D:6      | Reached skill level 5 in Armour
  5719 | D:6      | Reached skill level 5 in Dodging
  6343 | D:6      | Reached **** piety under Okawaru
  6537 | D:7      | Reached skill level 9 in Unarmed Combat
  6898 | D:7      | Identified the +6 leather armour of Ilun {Fly Int+3}
  7310 | D:7      | Identified the +2 great sword "Kuenoul" {freeze, Fly Will-
                  | Str+4}
  7542 | D:8      | Gained mutation: You are completely covered in sharp
                  | spines. [demonic ancestry]
  7542 | D:8      | Reached XP level 10. HP: 76/76 MP: 10/10
  7542 | D:8      | Noticed a two-headed ogre
  7558 | D:8      | Killed a two-headed ogre
  7558 | D:8      | Reached ***** piety under Okawaru
  7774 | D:8      | Found Noreime's Distillery.
  7881 | D:8      | Bought a potion of heal wounds for 70 gold pieces
  7881 | D:8      | Bought a potion of might for 56 gold pieces
  8026 | D:8      | Identified a scroll of acquirement
  8026 | D:8      | Acquired the ring "Moef" {rN++ Int+6}
  8080 | D:8      | Reached skill level 10 in Unarmed Combat
  8215 | D:8      | Identified the +0 kite shield of Agoraphobia {rPois rF-
                  | Int+2}
  8540 | D:9      | Noticed a red ugly thing
  8547 | D:9      | Killed a red ugly thing
  8827 | D:9      | Found a staircase to the Orcish Mines.
  9061 | D:9      | Noticed a two-headed ogre
  9079 | D:9      | Killed a two-headed ogre
  9079 | D:9      | Reached ****** piety under Okawaru
  9080 | D:9      | Reached XP level 11. HP: 39/84 MP: 9/11
  9347 | D:9      | Reached skill level 5 in Stealth
  9395 | D:9      | Received a gift from Okawaru
  9395 | D:9      | Found the +18 shield of the Gong {rElec rN+ Will+ EV-5}
  9679 | D:9      | Reached skill level 11 in Unarmed Combat
  9699 | D:9      | Identified the +9 trident of Plunder {distort, Will+}
  9713 | D:9      | Reached skill level 1 in Shields
  9739 | D:9      | Noticed a two-headed ogre
  9755 | D:9      | Killed a two-headed ogre
  9890 | D:9      | Noticed a brown ugly thing
  9904 | D:9      | Killed a brown ugly thing
 10068 | D:9      | Noticed a soul eater
 10425 | D:9      | Found an ancient bone altar of Kikubaaqudgha.
 10762 | D:10     | Entered Level 10 of the Dungeon
 10770 | D:10     | Noticed Sonja
 10772 | D:10     | Paralysed by a hornet for 3 turns
 11236 | D:9      | Killed Sonja
 11237 | D:9      | Reached skill level 12 in Unarmed Combat
 11240 | D:9      | Reached skill level 5 in Shields
 11601 | D:10     | Gained mutation: When seriously injured, your blood forms
                  | thick armour. (AC +9) [demonic ancestry]
 11601 | D:10     | Reached XP level 12. HP: 74/91 MP: 12/12
 11677 | D:10     | Acquired 548 gold pieces
 11947 | D:10     | Found a staircase to the Lair.
 12028 | D:11     | Received a gift from Okawaru
 12174 | D:11     | Found a transporter.
 12179 | D:11     | Noticed lunkers's ghost (novice DgEE)
 12182 | D:11     | Found a transporter.
 12205 | D:11     | Identified the +3 great sword of Kujoeff {flame, Drain
                  | rC+++ Dex+4} (Okawaru gifted it to you on level 11 of the
                  | Dungeon)
 12205 | D:11     | Received a gift from Okawaru
 12320 | D:11     | Noticed a death knight
 12336 | D:11     | Killed a death knight
 13028 | Lair:1   | Entered Level 1 of the Lair of Beasts
 13098 | Lair:1   | Noticed an eight-headed hydra
 13111 | Lair:1   | Killed an eight-headed hydra
 13201 | Lair:1   | Reached skill level 13 in Unarmed Combat
 13950 | Lair:2   | Noticed Erica
 13978 | Lair:2   | Gained mutation: You expend magic power (3 MP) to
                  | strengthen your wands. [potion of mutation]
 13978 | Lair:2   | Gained mutation: Your spells are a little harder to cast,
                  | but a little more powerful. [potion of mutation]
 13978 | Lair:2   | Gained mutation: You are occasionally teleported next to
                  | monsters. [potion of mutation]
 13985 | Lair:2   | Killed Erica
 13985 | Lair:2   | Identified the +0 buckler "Syele" {Int+5 Slay+3} (Okawaru
                  | gifted it to you on level 2 of the Lair of Beasts)
 13985 | Lair:2   | Received a gift from Okawaru
 14944 | Lair:3   | Noticed a six-headed hydra
 14956 | Lair:3   | Killed a six-headed hydra
 15036 | Lair:3   | Noticed Nergalle
 15050 | Lair:3   | Killed Nergalle
 15879 | Lair:4   | Found a staircase to the Snake Pit.
 15911 | Lair:4   | Noticed a seven-headed hydra
 15917 | Lair:4   | Killed a seven-headed hydra
 15918 | Lair:4   | Gained mutation: You have claws for hands. [demonic
                  | ancestry]
 15918 | Lair:4   | Reached XP level 13. HP: 65/97 MP: 10/13
 15924 | Lair:4   | Reached skill level 14 in Unarmed Combat
 16062 | Lair:4   | HP: 2/97 [11-headed hydra (10)]
 16062 | Lair:4   | Slain by an 11-headed hydra

Illustrated notes

Levels and vault maps discovered:
D:1:      dpeg_arrival_water_temple_mockup, layout_loops_ring,
          ebering_ecumenical_altar_hall, solitary_fountain,
          wander_ebering_terrifying_dragon_lair
D:2:      minmay_razor_zed, layout_basic
D:3:      layout_rooms, minmay_bisected
D:4:      layout_rooms, temple_doors_cd, uniq_ijyb, uniq_grinder, uniq_robin
D:5:      layout_basic, kennysheep_mini, uniq_menkaure, uniq_blork_the_orc
D:6:      layout_basic, uniq_pikel
D:7:      layout_loops_ring
D:8:      layout_basic, nicolae_wooded_promenade
D:9:      wander_kiku_kobolds, layout_irregular_city, erik_orc_1,
          onia_ninara_cookie
D:10:     layout_cave_pools, erik_lair_orcish_takeover, uniq_sonja
D:11:     layout_irregular_city, nzn_ghost_randoct
Temple:   regret_index_temple_sigil_plot
Lair:1:   layout_hall_layers, chequers_serial_rivers_micro_d,
          nicolae_lair_grove_arrangements, st_stairs_5
Lair:2:   layout_regular_city, uniq_erica
Lair:3:   layout_chaotic_city, nicolae_lair_lil_pond, lemuel_fruit_tree,
          uniq_nergalle
Lair:4:   layout_small_grid, palyth_hydra_swamp_entry

Skill      XL: |  1  2  3  4  5  6  7  8  9 10 11 12 13 |
---------------+----------------------------------------+-----
Stealth        | 2 3 4 5 |  5.2
Unarmed Combat | 3 4 5 6 8 9 10 12 13 14 | 14.1
Dodging        | 3 4 5 6 7 |  7.0
Armour         | 1 2 3 4 5 6 7 |  7.1
Fighting       | 4 5 6 7 |  7.6
Shields        | 5 8 9 |  9.2

Action                   |  1- 3 |  4- 6 |  7- 9 | 10-12 | 13-15 || total
-------------------------+-------+-------+-------+-------+-------++-------
Melee: Unarmed           |   119 |   118 |   248 |   761 |    53 ||  1299
       Punch             |     2 |     3 |    20 |    19 |       ||    44
Invok: Heroism           |       |       |     1 |     7 |     1 ||     9
  Use: Scroll            |       |       |     4 |     3 |       ||     7
       Potion            |       |       |       |     5 |       ||     5
 Stab: Sleeping          |     9 |       |     1 |     2 |       ||    12
Armor: Robe              |     9 |       |       |       |       ||     9
       Scale mail        |    13 |    19 |       |       |       ||    32
       Ring mail         |       |     1 |    28 |       |       ||    29
       Leather armour    |       |       |     8 |   138 |    14 ||   160
       Skin              |       |       |       |     5 |       ||     5
Dodge: Dodged            |    69 |   137 |   183 |   272 |    13 ||   674
Block: Kite shield       |       |     3 |       |   777 |    48 ||   828

Table legend: (Time is in decaauts)
 A = Elapsed time spent in this place.
 B = Non-inter-level travel time spent in this place.
 C = Inter-level travel time spent in this place.
 D = Time resting spent in this place.
 E = Time spent auto-exploring this place.
 F = Levels seen in this place.
 G = Mean time per level.
                   A        B        C        D        E       F      G
               +--------+--------+--------+--------+--------+-----+--------+
         Total |  15938 |  15526 |    412 |      0 |  13019 |  16 |  996.1 |
       Dungeon |  12822 |  12497 |    325 |      0 |  10448 |  11 | 1165.6 |
        Temple |    116 |     76 |     40 |      0 |     61 |   1 |  116.0 |
          Lair |   2999 |   2953 |     46 |      0 |   2510 |   4 |  749.8 |
               +--------+--------+--------+--------+--------+-----+--------+

Top non-repeatable levels by time:
     D:9: 2913 daAuts
     D:6: 1495 daAuts
     D:1: 1338 daAuts
     D:5: 1294 daAuts
     D:8: 1121 daAuts
     D:4: 1035 daAuts
    D:11: 1003 daAuts
  Lair:2: 996 daAuts
  Lair:3: 933 daAuts
     D:2: 914 daAuts
  Lair:1: 893 daAuts
     D:7: 658 daAuts
    D:10: 547 daAuts
     D:3: 498 daAuts
  Lair:4: 176 daAuts
